 Dungeon Crawl Stone Soup version 0.32-a0-433-g08bcfe7 (webtiles) character file.

Game seed: 17320851862964679259

23 Dorkslayer the Covered (level 2, 0/25 HPs)
             Began as a Demigod Fighter on Feb 22, 2024.
             Succumbed to a kobold's poison
             ... on level 1 of the Dungeon.
             The game lasted 00:01:15 (536 turns).

Dorkslayer the Covered (Demigod Fighter)             Turns: 536, Time: 00:01:15

Health: 0/25       AC:  6    Str: 15 (17) XL:     2   Next: 57%
Magic:  4/4        EV:  8    Int:  8 (10) God:
Gold:   11         SH:  4    Dex: 11 (13) Spells: 1/1 levels left

rFire   . .          .
                       - Unarmed
rCold   . . .        b - +0 buckler
rNeg    . . .        a - +0 scale mail
rPois   .            (no helmet)
rElec   .            (no cloak)
rCorr   .            (no gloves)
SInv    .            (no boots)
Will    .....        (no amulet) Stlth
                     (no ring)
HPRegen 0.24/turn    (no ring)
MPRegen 0.09/turn

%: no passive effects
@: lethally poisoned (0 -> -15), hasted, very quick
A: high MP 1, forlorn, divine attributes
a: no special abilities


You were on level 1 of the Dungeon.
You visited 1 branch of the dungeon, and saw 1 of its levels.

You collected 11 gold pieces.

Inventory:

Armour
 a - a +0 scale mail (worn)
 b - a +0 buckler (worn)
Scrolls
 e - 2 scrolls of identify {unknown}
 f - a scroll of fog {unknown}
 h - a scroll of fear {unknown}
Potions
 c - a potion of might


   Skills:
 + Level 2.9 Fighting
 + Level 3.0 Armour
 * Level 0.6 Dodging
 + Level 2.9 Shields
 + Level 2.0 Unarmed Combat


You had one spell level left.
You didn't know any spells.
Your spell library was empty.

Dungeon Overview and Level Annotations

Branches:
Dungeon (1/15)


Innate Abilities, Weirdness & Mutations

You have an increased reservoir of magic. (+10% MP)
You shall have no god before yourself.
Your divine heritage dramatically boosts your attributes as you level up.


Message History

You kill the goblin!
You see here a +0 club.
h - a scroll labelled USATHYCZEN You see here a +0 ring mail.
A kobold comes into view. It is wielding a +1 dagger of venom.
The kobold throws a stone.
The stone hits you but does no damage. You block the kobold's attack.
You closely miss the kobold. The kobold hits you but does no damage.
You are poisoned.
You barely miss the kobold.
You feel sick. The kobold hits you but does no damage.
You are more poisoned.
You barely miss the kobold.
You feel sick. The kobold closely misses you.
You closely miss the kobold.
You feel sick. The kobold closely misses you.
You hit the kobold.
The kobold is moderately wounded.
You feel sick. The kobold closely misses you.
You hit the kobold but do no damage.
The kobold is moderately wounded.
You feel sick.
The kobold hits you with a +1 dagger of venom.
You are lethally poisoned!
You closely miss the kobold.
The kobold is moderately wounded.
You feel very sick. The kobold hits you but does no damage.
You are more poisoned.
You miss the kobold.
The kobold is moderately wounded.
* * * LOW HITPOINT WARNING * * *
You feel very sick. The kobold barely misses you.
It was a potion of haste.
You feel yourself speed up.
* * * LOW HITPOINT WARNING * * *
You feel very sick. The kobold closely misses you.
It was a potion of degeneration.
There was something very wrong with that liquid.
You feel weakened.
You feel dopey.
You feel clumsy.
You die...

...####
###.####.## #..###
#.# #.# ##...###
#.## #.# ###...#
#..###.#
######)#####..##.#
...............#.#
#######....#####.#
#.....[.....##K#
###........##..#@#
......†....###...#
##.........# #####
##........#
#........#
#........#
##########


You could see a kobold.

Vanquished Creatures
  A dart slug (D:1)
  An endoplasm (D:1)
  4 goblins (D:1)
  4 hobgoblins (D:1)
  A quokka (D:1)
  A bat (D:1)
  5 kobolds (D:1)
  2 rats (D:1)
19 creatures vanquished.

Notes
Turn   | Place    | Note
-------+----------+-------------------------------------------
     0 | D:1      | Dorkslayer the Demigod Fighter began the quest for the Orb.
     0 | D:1      | Reached XP level 1. HP: 18/18 MP: 3/3
   158 | D:1      | Reached XP level 2. HP: 25/25 MP: 4/4
   244 | D:1      | Reached skill level 3 in Armour
   536 | D:1      | Succumbed to a kobold's poison

Illustrated notes

Levels and vault maps discovered:
D:1:      elethiomel_arrival_shortcut, layout_rooms

Skill      XL: |  1  2 |
---------------+-------+-----
Unarmed Combat | 2 |  2.0
Armour         | 3 |  3.0
Fighting       | |  2.9
Dodging        | |  0.6
Shields        | |  2.9

Action                     || total
---------------------------++-------
  Melee: Unarmed           ||    98
    Use: Potion            ||     2
 Armour: Scale mail        ||    70
  Dodge: Dodged            ||    38
  Block: Buckler           ||    16

Table legend: (Time is in decaauts)
 A = Elapsed time spent in this place.
 B = Non-inter-level travel time spent in this place.
 C = Inter-level travel time spent in this place.
 D = Time resting spent in this place.
 E = Time spent auto-exploring this place.
 F = Levels seen in this place.
 G = Mean time per level.
                   A        B        C        D        E       F      G
               +--------+--------+--------+--------+--------+-----+--------+
         Total |    536 |    536 |      0 |      0 |    289 |   1 |  536.0 |
       Dungeon |    536 |    536 |      0 |      0 |    289 |   1 |  536.0 |
               +--------+--------+--------+--------+--------+-----+--------+

Top non-repeatable levels by time:
     D:1: 536 daAuts
